 Dungeon Crawl Stone Soup version 0.26.1-11-gd32895ea62 (webtiles) character file.

Game seed: 2518098173734373068

1906 Mitsuki the Destroyer (level 8, -14/41 HPs)
             Began as a Deep Elf Conjurer on June 22, 2021.
             Was a Believer of Cheibriados.
             Demolished by an orc warrior
             ... wielding a cursed -2 glaive
              (21 damage)
             ... in a bailey.
             The game lasted 00:22:56 (7487 turns).

Mitsuki the Destroyer (Deep Elf Conjurer)           Turns: 7487, Time: 00:22:57

Health: -14/41     AC:  9    Str: 10    XL:     8   Next: 94%
Magic:  11/21      EV: 17    Int: 30    God:    Cheibriados [**....]
Gold:   337        SH:  5    Dex: 18    Spells: 18/21 levels left

rFire    . . .     SeeInvis +   l - +6 club
rCold    . . .     Faith    .   (no shield)
rNeg     . . .     Spirit   .   v - +5 robe of Night {Dark Will+ SInv}
rPois    .         Reflect  +   d - +1 helmet
rElec    .         Harm     .   (no cloak)
rCorr    .         Rampage  .   (no gloves)
Will     +....                  (no boots)
Stlth    ++........             o - amulet of reflection
HPRegen  0.13/turn              (no ring)
MPRegen  0.17/turn              (no ring)

@: very slow
A: no striking features
a: Renounce Religion, Bend Time


You were in a bailey.
You worshipped Cheibriados.
Cheibriados was pleased with you.
You visited 1 branch of the dungeon, and saw 7 of its levels.
You also visited: Bailey.

You collected 337 gold pieces.

Inventory:

Hand Weapons
 l - a +6 club (weapon)
Armour
 d - a +1 helmet (worn)
 v - the +5 robe of Night (worn) {Dark Will+ SInv}
   (You found it on level 4 of the Dungeon)

   It affects your willpower, your defense against some magical effects.
   It lets you see invisible.
Jewellery
 o - an amulet of reflection (around neck)
Wands
 p - a wand of paralysis (10)
Scrolls
 b - 5 scrolls of fear
 e - 2 scrolls of amnesia
 f - 2 scrolls of blinking
 h - 3 scrolls of fog
 n - a scroll of remove curse
 s - a scroll of enchant weapon
 t - a scroll of enchant armour
 x - 2 scrolls of noise
 y - a scroll of teleportation
Potions
 c - a potion of heal wounds {unknown}
 g - 5 potions of might
 i - 3 potions of curing
 j - a potion of cancellation {unknown}
 k - a potion of attraction {unknown}
 q - a potion of flight {unknown}
 r - a potion of brilliance {unknown}
 u - 2 potions of mutation {unknown}
 w - 2 potions of magic {unknown}


   Skills:
 + Level 6.8 Dodging
 - Level 2.4 Stealth
 + Level 7.4 Spellcasting
 * Level 9.4 Conjurations
 + Level 4.9 Invocations


You had 18 spell levels left.
You knew the following spells:

 Your Spells              Type           Power        Failure   Level
a - Magic Dart            Conj           100%         1%          1
b - Searing Ray           Conj           100%         1%          2

Your spell library contained the following spells:

 Spells                   Type           Power        Failure   Level
 Dazzling Flash           Conj/Hex       78%          1%          3
 Fulminant Prism          Conj/Hex       19%          7%          4
 Iskenderun's Mystic Bla  Conj/Tloc      39%          7%          4
 Ice Form                 Ice/Tmut       11%          41%         4
 Metabolic Englaciation   Hex/Ice        5%           77%         5
 Freezing Cloud           Conj/Ice/Air   14%          89%         6
 Ozocubu's Refrigeration  Ice            5%           100%        6
 Simulacrum               Ice/Necr       5%           100%        6


Dungeon Overview and Level Annotations

Branches:
Dungeon (7/15)             Temple (0/1) D:6          Bailey (1/1)

Altars:
Cheibriados
Dithmenos
Elyvilon
Ru
Vehumet


Message History

The searing ray hits the orc warrior!
The orc warrior is almost dead.
You finish channeling your searing ray.
You now have 14/21 mp.
Casting: Searing Ray (safe; 1% risk of failure)
Confirm with . or Enter, or press ? or * to list all spells.
Aiming: Searing Ray (safe; 1% risk of failure)
Press: ? - help, Shift-Dir - straight line, f/p - orc warrior
Aim: an orc warrior, wielding a -2 glaive and wearing a +0 plate armour (almost dead, 17% to evade)
The searing ray misses the orc warrior. (Press . to maintain the ray.)
The orc warrior misses you.
You now have 12/21 mp.
The searing ray misses the orc warrior.
The orc warrior closely misses you.
You now have 11/21 mp.
The searing ray hits the orc warrior but does no damage.
The orc warrior is almost dead.
The orc warrior hits you from afar with a cursed -2 glaive!!
Ouch! That really hurt!
You die...

### ## ##∩##
####
..##.∩.##.....#
≈..#...#..≈≈≈..
≈≈.....).≈≈o≈≈.
o≈)......≈oo.≈.
≈≈o)o.(.)≈≈o≈≈.
≈..#...#..≈≈≈..
o #@..##.o...#
##∩#########
###


You could see an orc warrior.

Vanquished Creatures
  Eustachio (D:4)
  5 orc warriors (Bailey)
  A sky beast (D:5)
  An ice beast (D:7)
  A phantom (D:5)
  An ogre (D:5)
  Blork the orc (D:5)
  3 bullfrogs
  3 scorpions
  A jelly (D:6)
  4 hounds
  3 iguanas
  Jessica (D:2)
  A centaur skeleton (D:4)
  2 orc wizards (D:4)
  A worker ant (D:5)
  3 worker ant zombies (D:5)
  4 adders
  A river rat (D:4)
  A white imp (D:5)
  2 oozes (D:1)
  2 worms (D:2)
  2 dart slugs (D:1)
  2 leopard geckos
  13 orcs
  A ball python (D:3)
  4 giant cockroaches
  9 goblins
  9 hobgoblins
  4 jackals (D:1)
  6 quokkas
  5 bats
  7 frilled lizards
  8 kobolds
  A quokka skeleton (D:5)
  5 rats
119 creatures vanquished.

Vanquished Creatures (others)
  A quokka (D:6)
1 creature vanquished.

Grand Total: 120 creatures vanquished

Notes
Turn   | Place    | Note
-------+----------+-------------------------------------------
     0 | D:1      | Mitsuki the Deep Elf Conjurer began the quest for the Orb.
     0 | D:1      | Reached XP level 1. HP: 10/10 MP: 6/6
   282 | D:1      | Reached XP level 2. HP: 15/15 MP: 1/8
   940 | D:1      | Reached skill level 5 in Conjurations
   940 | D:1      | Reached XP level 3. HP: 19/19 MP: 6/10
  1510 | D:2      | Found a faded altar of an unknown god.
  2136 | D:2      | Reached XP level 4. HP: 8/24 MP: 1/11
  2532 | D:2      | Noticed Jessica
  2535 | D:2      | Killed Jessica
  2803 | D:2      | Found a shadowy altar of Dithmenos.
  3144 | D:3      | Found a snail-covered altar of Cheibriados.
  3157 | D:3      | Became a worshipper of Cheibriados the Contemplative
  3314 | D:3      | Learned a level 2 spell: Searing Ray
  3890 | D:4      | Reached XP level 5. HP: 28/28 MP: 7/13
  4064 | D:4      | Reached skill level 1 in Invocations
  4133 | D:4      | Found a sacrificial altar of Ru.
  4162 | D:4      | Reached skill level 6 in Conjurations
  4337 | D:4      | Noticed Eustachio
  4344 | D:4      | Killed Eustachio
  4344 | D:4      | Reached * piety under Cheibriados
  4345 | D:4      | Reached XP level 6. HP: 28/32 MP: 4/15
  4531 | D:4      | Found the +5 robe of Night {Dark Will+ SInv}
  4658 | D:4      | Reached skill level 5 in Spellcasting
  4951 | D:5      | Entered Level 5 of the Dungeon
  5409 | D:5      | Noticed Blork the orc
  5413 | D:5      | Killed Blork the orc
  5414 | D:5      | Reached skill level 7 in Conjurations
  5414 | D:5      | Reached XP level 7. HP: 36/36 MP: 10/17
  5522 | D:5      | Reached skill level 5 in Dodging
  5821 | D:5      | Found a radiant altar of Vehumet.
  6246 | D:6      | Reached skill level 8 in Conjurations
  6294 | D:6      | Reached XP level 8. HP: 38/41 MP: 13/19
  6407 | D:6      | Found a white marble altar of Elyvilon.
  6762 | D:6      | Found a staircase to the Ecumenical Temple.
  6968 | D:6      | Reached ** piety under Cheibriados
  7207 | D:7      | Found a flagged portal.
  7211 | Bailey   | Entered a bailey
  7211 | Bailey   | Noticed an orc knight
  7282 | Bailey   | Noticed an orc knight
  7298 | Bailey   | Reached skill level 9 in Conjurations
  7487 | Bailey   | Demolished by an orc warrior

Illustrated notes

Levels and vault maps discovered:
D:1:      dpeg_arrival_morbid_curiosity, layout_loops_corners
D:2:      kennysheep_big_flooded_room, layout_basic,
          grunt_dithmenos_smoke_and_mirrors, chequers_ecumenical_altar_simple,
          uniq_jessica
D:3:      layout_loops_ring, overflow_temple_1_default
D:4:      layout_cave_pools, general_overflow_altar, portal_sewer_entry_b,
          uniq_eustachio
D:5:      layout_basic, vehumet_altar_wand_db, uniq_blork_the_orc
D:6:      layout_basic, elyvilon_altar_4, temple_green, corexii_corridor_pit
D:7:      layout_gridville, enter_bailey_4, hex_tiny, minmay_manual_maat
Bailey:   bailey_polearm_4, bailey

Skill      XL: |  1  2  3  4  5  6  7  8 |
---------------+-------------------------+-----
Dodging        | 3 4 5 6 |  6.8
Conjurations   | 5 6 7 8 9 |  9.4
Spellcasting   | 4 5 6 7 |  7.4
Invocations    | 1 2 3 4 |  4.9
Stealth        | |  2.4

Action                   |  1- 3 |  4- 6 |  7- 9 || total
-------------------------+-------+-------+-------++-------
Melee: Club              |    14 |     4 |       ||    18
 Cast: Magic Dart        |    93 |    84 |    50 ||   227
       Searing Ray       |       |    10 |    28 ||    38
  Use: Scroll            |     5 |     4 |     4 ||    13
Armor: Robe              |     1 |       |     7 ||     8
Dodge: Dodged            |    13 |    23 |    22 ||    58
Block: Other             |       |     7 |     7 ||    14
       Reflection        |       |     1 |     1 ||     2
